Cogmind - Beta 9.2 @@@ ROGUE MODE // 2019.11.30 @ 14:22:21 Player: Trione Result: Destroyed by G-67 Veteran with Electrolaser Performance ------------- Evolutions (5) 2500 Regions Visited (28) 5600 Robots Destroyed (446) 2230 Value Destroyed (18065) 18065 Prototype IDs (57) 1140 Alien Tech Used (0) 0 Bonus (12755) 12755 TOTAL SCORE: 42290 Bonus ------- High Alert Combat Kills 4360 Follower Combat Kills 3877 Entered Garrisons 1400 Used RIF Installer 3000 Network Hubs Disabled 600 Aligned with FarCom 300 Built Enhanced Grunts 300 A7 Reached Mainframe 300 Met R17 at Cetus 500 Friendly Fire -1882 Cogmind --------- Core Integrity 0/1000 Matter 132/300 Energy 53/700 System Corruption 0% Temperature Cool (9) Movement Hovering (122) Ox2 Location -5/Garrison Parts ------- > --- POWER (1) -------- (None) > --- PROPULSION (4) --- Gyrokinetic Inverter Gyrokinetic Inverter Gyrokinetic Inverter Gyrokinetic Inverter > --- UTILITY (10) ----- Large Storage Unit High-capacity Storage Unit High-capacity Storage Unit Lightpack 2.0 Improved Energy Well Advanced Weapon Cycler Experimental Phase Shifter Improved Powered Armor Relay Coupler [Sentry] (8) > --- WEAPON (2) ------- (None) > --- INVENTORY (46) --- Improved Coolant Injector Large Storage Unit Large Storage Unit YI-UF0's Bottomless Matter Pit (951) Enhanced Optical Array Long-range Sensor Array Experimental Targeting Computer Improved Armor Integrity Analyzer EM Dispersion Field Improved Remote Force Field Improved Hacking Suite Advanced Hacking Suite Advanced System Shield Relay Coupler [NC] (33) Relay Coupler [ARC] (9) Relay Coupler [Brawler] (30) Relay Coupler [Hunter] (14) Advanced Component Analysis Suite System Purifier Tesla Rifle Tesla Rifle Tesla Rifle Advanced Variable Charge Gun Long-range Proton Cannon EMDS Heavy Plasma Cannon Advanced Plasma Cannon Improved KE Penetrator Improved KE Penetrator EMP Blaster EMP Blaster Long-range Missile Launcher Long-range Missile Launcher Improved Remote Datajack Improved Remote Datajack Deploy-a-Sentry Peak State ------------ > --- POWER ------------ Quantum Reactor > --- PROPULSION ------- Gyrokinetic Inverter Gyrokinetic Inverter Gyrokinetic Inverter Gyrokinetic Inverter > --- UTILITY ---------- Large Storage Unit High-capacity Storage Unit High-capacity Storage Unit Lightpack 2.0 Improved Energy Well Experimental Phase Shifter Improved Powered Armor EM Dispersion Field Relay Coupler [Sentry] > --- WEAPON ----------- EMDS > --- INVENTORY -------- Improved Coolant Injector Large Storage Unit Large Storage Unit YI-UF0's Bottomless Matter Pit Enhanced Optical Array Long-range Sensor Array Experimental Targeting Computer Improved Armor Integrity Analyzer Advanced Weapon Cycler Improved Remote Force Field Improved Hacking Suite Advanced Hacking Suite Advanced System Shield Relay Coupler [NC] Relay Coupler [ARC] Relay Coupler [Brawler] Relay Coupler [Hunter] Advanced Component Analysis Suite System Purifier Tesla Rifle Tesla Rifle Tesla Rifle Advanced Variable Charge Gun Long-range Proton Cannon Heavy Plasma Cannon Advanced Plasma Cannon Improved KE Penetrator Improved KE Penetrator EMP Blaster EMP Blaster Long-range Missile Launcher Long-range Missile Launcher Improved Remote Datajack Improved Remote Datajack Deploy-a-Sentry [Rating: 130] Favorites ----------- Power Improved Deuterium Engine Engine Improved Deuterium Engine Power Core Light Neutrino Core Reactor Antimatter Reactor Propulsion Gyrokinetic Inverter Treads Armored Treads Wheel Armored Wheel Hover Unit Gyrokinetic Inverter Utility High-capacity Storage Unit Device Long-range Sensor Array Storage High-capacity Storage Unit Hackware Relay Coupler [Hunter] Protection Reactive Plating Weapon Chainsword Energy Gun Tesla Rifle Energy Cannon Advanced Beam Cannon Ballistic Gun Heavy Assault Rifle Ballistic Cannon Gauss Cannon Launcher EMP Blaster Special Weapon Improved Remote Datajack Slashing Weapon Chainsword Piercing Weapon Spear Special Melee Weapon Datajack Build | -11 -10 -10 -9 -9 -9 -8 -8 -8 -8 -8 -7 -7 -6 -6 -6 -6 -6 -6 -5 -5 -5 -5 -5 -5 -5 -5 -5 -5 ------- Run | Scr Mat Min Mat Min Exi Min Mat Gar Mat Gar Fac Gar Fac Was Fac Gar Fac Gar Fac Was Fac Gar Fac Ext Cet Arc Hub Gar Slots Evolved 10 | . . . 2 . . . 2 . . . 2 . 2 . . . . . 2 . . . . . . . . . Power . | . . . . . . . . . . . . . . . . . . . . . . . . . . . . . Propulsion 2 | . . . . . . . . . . . 1 . . . . . . . 1 . . . . . . . . . Utility 8 | . . . 2 . . . 2 . . . 1 . 2 . . . . . 1 . . . . . . . . . Weapon . | . . . . . . . . . . . . . . . . . . . . . . . . . . . . . Parts Attached 684 | 5 22 5 11 16 46 2 13 15 56 13 30 23 16 5 20 27 60 28 5 10 56 28 19 42 15 3 72 21 Power 31 | 1 3 1 1 1 1 . . . 2 1 3 1 1 . . 1 1 2 . 1 1 . 1 2 3 . 3 . Engine 15 | 1 2 . 1 1 1 . . . 1 . 3 1 1 . . . 1 2 . . . . . . . . . . Core 4 | . 1 1 . . . . . . 1 1 . . . . . . . . . . . . . . . . . . Reactor 12 | . . . . . . . . . . . . . . . . 1 . . . 1 1 . 1 2 3 . 3 . Propulsion 73 | 2 5 . 4 3 2 . 2 . 4 3 7 1 4 . 2 4 10 4 2 . 5 . 4 2 . . 2 1 Treads 17 | . 5 . 4 3 2 . . . 2 1 . . . . . . . . . . . . . . . . . . Leg . | . . . . . . . . . . . . . . . . . . . . . . . . . . . . . Wheel 26 | 2 . . . . . . 2 . 2 2 6 1 4 . 1 1 5 . . . . . . . . . . . Hover 30 | . . . . . . . . . . . 1 . . . 1 3 5 4 2 . 5 . 4 2 . . 2 1 Flight . | . . . . . . . . . . . . . . . . . . . . . . . . . . . . . Utility 216 | 1 4 . 3 . 17 . 3 2 9 2 12 9 4 5 11 4 22 10 3 7 24 9 6 14 3 1 20 11 Device 80 | . . . . . 1 . . 1 4 . 6 4 3 4 5 2 10 2 1 2 11 3 2 7 1 . 5 6 Storage 33 | 1 4 . 2 . 7 . 1 . . . 1 . 1 . 1 . 2 3 2 2 1 1 . . . . 2 2 Processor . | . . . . . . . . . . . . . . . . . . . . . . . . . . . . . Hackware 25 | . . . . . . . . . . . . 1 . . 5 1 2 4 . . 4 2 2 2 . . 2 . Protection 78 | . . . 1 . 9 . 2 1 5 2 5 4 . 1 . 1 8 1 . 3 8 3 2 5 2 1 11 3 Artifact . | . . . . . . . . . . . . . . . . . . . . . . . . . . . . . Weapon 364 | 1 10 4 3 12 26 2 8 13 41 7 8 12 7 . 7 18 27 12 . 2 26 19 8 24 9 2 47 9 Energy Gun 49 | . 2 . . . 2 . 2 2 2 . . . . . . 2 6 . . . 1 7 . 6 2 . 15 . Energy Cannon 25 | . . . 1 4 1 . 1 1 3 1 . 1 1 . . 1 3 . . 1 2 . . . 1 . 1 2 Ballistic Gun 103 | 1 8 2 1 2 7 1 1 3 12 . 2 7 2 . 3 7 4 5 . 1 5 4 2 5 2 2 11 3 Ballistic Cannon 8 | . . . . . . . 1 1 3 2 . 1 . . . . . . . . . . . . . . . . Launcher 71 | . . 2 1 4 3 1 . 3 16 2 2 2 1 . 2 5 2 2 . . 1 7 . 2 1 . 8 4 Special Weapon 31 | . . . . . 2 . . . . . . . . . . . 1 4 . . 8 . 3 5 1 . 7 . Impact Weapon . | . . . . . . . . . . . . . . . . . . . . . . . . . . . . . Slashing Weapon 63 | . . . . 2 7 . 3 2 5 2 3 . 3 . 1 2 8 1 . . 9 1 2 5 2 . 5 . Piercing Weapon 3 | . . . . . . . . . . . . . . . . . 1 . . . . . 1 1 . . . . Special Melee Weapon 11 | . . . . . 4 . . 1 . . 1 1 . . 1 1 2 . . . . . . . . . . . Unidentified Prototypes 10 | . . . 1 . 1 . . . 1 . 1 . . . 1 . . . . . 1 . . . 1 1 1 1 Parts Lost 76 | . 5 1 1 2 4 . . 2 10 5 1 7 2 . . 3 9 2 . . 2 1 2 . 1 . 9 7 Power 12 | . . 1 1 . . . . . 2 1 . 1 . . . 1 1 1 . . . . . . . . 2 1 Propulsion 19 | . 1 . . 1 1 . . . 4 2 . 1 2 . . 1 3 . . . . . 1 . . . 1 1 Utility 23 | . . . . . 3 . . 1 2 2 1 3 . . . . 3 1 . . 1 . 1 . . . 2 3 Weapon 22 | . 4 . . 1 . . . 1 2 . . 2 . . . 1 2 . . . 1 1 . . 1 . 4 2 Highest Loss Streak 7 | . 2 1 1 1 2 . . 1 4 3 1 7 2 . . 1 5 2 . . 2 1 2 . 1 . 3 5 Average Slot Usage (%) 94 | . 98 100 99 99 98 100 99 100 99 99 92 86 93 88 93 90 87 94 99 95 92 94 93 94 93 94 84 86 Engine 5 | . 13 7 8 11 10 11 9 9 2 7 6 7 6 6 6 5 1 6 5 . . . . . . . . . Reactor 1 | . . . . . . . . . . . . . . . . . 4 . . 4 5 5 5 5 5 5 5 4 Treads 8 | . 23 28 22 21 22 22 7 . 2 13 . . . . . . . . . . . . . . . . . . Wheel 4 | . 4 . . . . . 10 18 15 4 19 15 13 13 13 7 9 5 . . . . . . . . . . Hover 6 | . . . . . . . . . . . . . . . . 2 5 13 23 23 23 23 23 23 23 23 23 22 Device 4 | . . . . . . . . 1 3 9 9 6 19 15 14 14 6 2 4 4 6 8 4 4 1 . 1 9 Storage 31 | . 27 28 40 44 29 33 32 36 36 36 30 30 29 33 33 33 33 34 35 27 23 23 29 29 29 29 28 23 Hackware 4 | . . . . . . . . . . . . 2 . . 11 10 5 12 17 17 15 11 15 14 17 17 6 5 Protection 6 | . . . 3 . 13 11 21 16 14 8 9 8 9 5 . . 4 4 . 2 3 6 2 2 3 5 4 6 Energy Gun 1 | . 6 . . . 1 . 1 1 . . . . . . . . 4 . . . . 5 . 1 . . 1 . Energy Cannon 2 | . . . 7 10 4 11 3 9 1 1 . . 3 6 1 . 1 . . . . . . . . . . . Ballistic Gun 7 | . 21 27 14 9 7 5 7 1 8 8 4 10 2 . 4 5 2 8 5 4 6 2 2 . 1 9 5 1 Slashing Weapon 2 | . . . . 1 2 5 6 1 3 2 9 1 4 6 5 3 3 1 5 5 2 2 4 1 2 . 1 3 Naked Turns . | . . . . . . . . . . . . . . . . . . . . . . . . . . . . . Heaviest Build 199 | 8 75 76 110 113 132 124 153 154 146 138 150 152 159 198 158 156 199 153 147 154 156 150 150 150 141 145 181 151 Greatest Support 76 | 20 46 46 46 46 43 40 40 24 40 40 40 40 40 38 38 38 48 48 64 64 73 63 63 63 63 63 76 64 Greatest Overweight (x) 18 | . 4 1 2 5 3 3 12 6 6 6 5 3 9 5 5 9 18 4 2 2 3 2 2 4 4 2 2 3 Average Overweight (x) 2 | . . 1 1 2 1 3 5 5 5 3 3 3 3 4 3 4 4 2 2 1 1 1 1 1 1 2 1 2 Largest Inventory Capacity 52 | 6 20 20 32 32 34 28 34 34 34 34 34 34 40 40 40 40 40 44 50 52 46 52 52 52 52 52 52 46 Average Capacity 35 | 4 17 20 30 32 23 28 31 34 34 34 34 34 36 40 40 40 39 38 42 45 46 46 52 52 52 52 51 46 Most Carried 52 | 5 20 20 32 32 34 28 34 34 34 34 34 34 40 40 40 40 40 42 41 46 46 48 52 52 52 52 52 42 Average Carried 34 | 2 11 19 29 31 22 28 30 33 33 33 33 32 36 39 39 38 38 36 40 43 45 45 51 51 51 51 49 40 Final Capacity 52 | 6 20 20 32 32 28 28 34 34 34 34 34 34 40 40 40 40 38 42 44 46 46 52 52 52 52 52 46 46 Final Carried 52 | 5 20 20 32 32 28 28 34 32 33 34 33 34 40 40 38 40 38 42 41 46 46 48 52 52 52 52 44 37 Class Distribution -------------------- 47% | Hauler-Mutant 23% | Botlord-Mutant 20% | Bothacker-Mutant 8% | Mutant Dominant Class ---------------- Hauler-Mutant | -10/Materials Hauler-Mutant | -10/Mines Hauler-Mutant | -9/Materials Hauler-Mutant | -9/Mines Hauler-Mutant | -9/Exiles Hauler-Mutant | -8/Mines Hauler-Mutant | -8/Materials Hauler-Mutant | -8/Garrison Hauler-Mutant | -8/Materials Hauler-Mutant | -8/Garrison Hauler-Mutant | -7/Factory Hauler-Mutant | -7/Garrison Bothacker-Mutant | -6/Factory Bothacker-Mutant | -6/Waste Bothacker-Mutant | -6/Factory Hauler-Mutant | -6/Garrison Bothacker-Mutant | -6/Factory Botlord-Mutant | -6/Garrison Botlord-Mutant | -5/Factory Botlord-Mutant | -5/Waste Botlord-Mutant | -5/Factory Botlord-Mutant | -5/Garrison Botlord-Mutant | -5/Factory Botlord-Mutant | -5/Extension Botlord-Mutant | -5/Cetus Botlord-Mutant | -5/Archives Botlord-Mutant | -5/Hub_04(d) Bothacker-Mutant | -5/Garrison Resources | -11 -10 -10 -9 -9 -9 -8 -8 -8 -8 -8 -7 -7 -6 -6 -6 -6 -6 -6 -5 -5 -5 -5 -5 -5 -5 -5 -5 -5 ----------- Run | Scr Mat Min Mat Min Exi Min Mat Gar Mat Gar Fac Gar Fac Was Fac Gar Fac Gar Fac Was Fac Gar Fac Ext Cet Arc Hub Gar Matter Collected 16158 | 192 477 159 345 305 1530 203 541 667 1599 501 209 1229 282 50 241 675 623 572 . 150 682 575 543 665 286 202 2500 155 Remotely . | . . . . . . . . . . . . . . . . . . . . . . . . . . . . . Salvage Created 18284 | . 1024 414 751 976 521 164 642 851 2554 672 299 766 577 . 128 778 1042 497 . 210 560 707 272 660 555 246 2160 258 Parts 1011 | . 58 20 56 57 68 9 33 30 155 44 17 36 26 . 2 42 56 14 . 1 34 47 20 24 24 19 108 11 Haulers Intercepted 9 | . 2 . 4 . . . . . 1 . . . . . . . . . . . . . . 1 . . 1 . Recyclers Shooed 12 | . 1 . . . . . 2 . 1 . 1 . 2 . 3 . 1 . . . 1 . . . . . . . Parts Field Recycled . | . . . . . . . . . . . . . . . . . . . . . . . . . . . . . Retrieved Matter . | . . . . . . . . . . . . . . . . . . . . . . . . . . . . . Parts Self-Destructed . | . . . . . . . . . . . . . . . . . . . . . . . . . . . . . Prevented . | . . . . . . . . . . . . . . . . . . . . . . . . . . . . . Kills | -11 -10 -10 -9 -9 -9 -8 -8 -8 -8 -8 -7 -7 -6 -6 -6 -6 -6 -6 -5 -5 -5 -5 -5 -5 -5 -5 -5 -5 ------- Run | Scr Mat Min Mat Min Exi Min Mat Gar Mat Gar Fac Gar Fac Was Fac Gar Fac Gar Fac Was Fac Gar Fac Ext Cet Arc Hub Gar Combat Hostiles Destroyed 334 | . 17 8 11 16 8 3 9 17 53 24 8 17 3 . . 18 17 8 . 1 9 20 4 11 6 2 35 9 Melee 23 | . . . . 2 1 . 6 . 3 1 1 . . . . . 3 . . . . . 4 . . . 2 . Guns 108 | . 17 4 4 1 . . 1 5 13 3 2 11 1 . . 7 5 6 . . 5 1 . 2 2 2 13 3 Cannons 30 | . . . 5 4 1 . 2 3 6 2 . 2 . . . . 1 . . . 1 . . . 2 . . 1 AOE 152 | . . 3 2 9 6 3 . 7 31 18 5 4 . . . 11 5 2 . . 1 14 . 9 1 . 17 4 Classes Destroyed 22 | . 6 2 1 3 2 . 1 . 3 . . . . . . . 1 . . 1 . 2 . . . . . . Worker 32 | . 2 . 1 2 . . 1 . 6 . . . 2 . . . 1 . . . 1 . 1 . . . 15 . Builder 6 | . . . 1 . . . . . 4 . . . . . . . . . . . 1 . . . . . . . Tunneler 6 | . . . . 3 . 1 . . 1 . 1 . . . . . . . . . . . . . . . . . Hauler 9 | . 2 . 4 . . . . . 1 . . . . . . . . . . . . . . 1 . . 1 . Recycler 18 | . 1 1 . 4 . 1 2 . 2 . 2 . 2 . 1 . 1 . . . . . . 1 . . . . Mechanic 1 | . . . . . . . . . 1 . . . . . . . . . . . . . . . . . . . Operator 10 | . 1 . 2 . . . 1 . 1 . . . 1 . . . . . . . . . . . . 2 2 . Turret 1 | . . . . . 1 . . . . . . . . . . . . . . . . . . . . . . . Watcher 13 | . 2 . 1 . . . . . 3 1 . . 1 . . . . . . . 1 . . 2 . . 2 . Swarmer 82 | . . 3 2 3 . 3 . 3 6 17 6 3 . . . 8 3 4 . . . 14 . 3 . . . 4 Grunt 113 | . 17 2 3 8 . . 7 9 22 5 2 7 . . . 3 . 3 . . 2 . 1 8 . . 11 3 Brawler 8 | . . . . . . . . . 4 1 . . . . . 1 . . . . . 1 . . 1 . . . Duelist 11 | . . . . 3 . . . . 2 . . 3 . . . . . . . . 1 1 . . . . 1 . Protector 7 | . . . . . . . . . 3 . . . . . . . . . . . . . 1 . . . 3 . Sentry 50 | . . 2 6 . . . 1 5 13 1 . 3 1 . . 6 5 1 . . . . . . . 2 4 . Specialist 1 | . . . . . . . . . . . . . . . . . . . . . . 1 . . . . . . Hunter 16 | . . . . . . . 1 . 3 . . 1 2 . . . 5 . . . 1 2 . . . . 1 . Programmer 17 | . . . . . . . . . . . . . . . . . 4 . . . 5 . 2 . 1 . 4 1 Behemoth 3 | . . . . . . . . . . . . . . . . . . . . . . 1 . . . . 1 1 Compactor 1 | . . . . . . . . . . . . . . . . . . . . 1 . . . . . . . . Cetus Guard 3 | . . . . . . . . . . . . . . . . . . . . . . . . . 3 . . . Enhanced Grunt 1 | . . . . . . . . . . . . . . . . . . . . . . . . . 1 . . . Lightning 11 | . . . . . . . . . . . . . . . . . . . . . . . . . . . 11 . Zionite 8 | . . . . . 8 . . . . . . . . . . . . . . . . . . . . . . . Assembled 9 | . . . . 2 7 . . . . . . . . . . . . . . . . . . . . . . . Thug 3 | . . . . . . . . . . . . . . . . 3 . . . . . . . . . . . . Savage 1 | . . . . . . . . . . . . . . . . . . . . . . . . . 1 . . . Best Kill Streak 14 | . 4 4 5 6 7 3 3 4 14 10 5 5 3 . 1 11 3 4 . 1 4 4 2 8 3 2 11 5 Combat Bots Only 11 | . 4 3 2 3 7 3 3 4 11 10 4 5 1 . . 11 3 4 . 1 3 4 2 7 3 1 7 5 Max Kills in Single Turn 6 | . 1 3 2 6 3 2 2 2 3 6 3 1 1 . 1 3 3 2 . 1 3 4 1 3 1 1 5 2 Gunslinging 1 | . . . . . . . . . 1 . . . . . . . . . . . . . . . . . . . Exploded 5 | . . 3 1 3 3 2 . 2 3 5 3 1 . . . 2 3 2 . . 1 4 . 3 1 . 2 2 Melee 1 | . . . . 1 1 . 1 . 1 1 1 . . . . . 1 . . . . . 1 . . . 1 . Uniques/NPCs Destroyed 2 | . . 1 . . 1 . . . . . . . . . . . . . . . . . . . . . . . YI-UF0 (-10/Mines) 8R-AWN (-9/Exiles) EX-BIN (-9/Exiles) EX-DEC (-9/Exiles) EX-HEX (-9/Exiles) Combat | -11 -10 -10 -9 -9 -9 -8 -8 -8 -8 -8 -7 -7 -6 -6 -6 -6 -6 -6 -5 -5 -5 -5 -5 -5 -5 -5 -5 -5 -------- Run | Scr Mat Min Mat Min Exi Min Mat Gar Mat Gar Fac Gar Fac Was Fac Gar Fac Gar Fac Was Fac Gar Fac Ext Cet Arc Hub Gar Damage Taken 23777 | . 677 226 415 579 1040 24 613 724 2327 824 428 2045 415 . 13 796 2731 698 . . 666 895 555 405 647 26 4954 1054 Core 2680 | . 118 50 39 126 132 . 58 51 216 57 61 189 12 . . 153 287 128 . . 23 178 104 52 138 . 424 84 Absorbed by Shields 59 | . . . . . . . . . . . . 39 . . . . . . . . . . . 20 . . . . Core Remaining (%) 47 | 100 . 32 . . . 25 . . . 30 . 64 . . . . . 31 . . . . . . . . . . Volleys Fired 1320 | . 88 23 55 38 85 3 23 66 105 47 10 64 21 . 4 49 47 41 . 5 58 64 19 54 44 16 261 30 Largest 2 | . 2 2 2 2 2 2 2 2 2 2 2 2 2 . 1 2 2 2 . 1 2 2 2 2 1 2 2 2 Hottest 240 | . 70 46 91 91 53 91 93 133 90 94 53 81 69 . 43 109 156 60 . 120 120 130 60 120 240 70 130 90 Shots Fired 1837 | . 167 34 107 61 112 4 35 79 168 63 14 107 22 . 4 63 60 59 . 5 70 74 24 60 44 31 334 36 Gun 1233 | . 167 22 80 27 44 1 23 29 86 16 8 81 6 . 2 47 33 43 . . 48 57 11 41 33 30 286 12 Cannon 214 | . . . 24 21 . 1 12 15 37 26 . 21 6 . . . 19 . . 5 2 . . . 8 . 2 15 Launcher 272 | . . 12 3 13 26 2 . 35 45 21 6 5 10 . 2 16 5 2 . . 2 17 . 5 3 . 33 9 Special 118 | . . . . . 42 . . . . . . . . . . . 3 14 . . 18 . 13 14 . 1 13 . Kinetic 987 | . 123 22 80 27 44 1 16 19 99 29 8 98 6 . 2 38 12 43 . . 30 5 11 15 29 30 188 12 Thermal 217 | . 44 . 24 21 42 1 8 11 20 . . . . . . 9 21 . . 5 2 . . . 1 . . 8 Explosive 127 | . . . . . . . . . 25 13 6 5 . . 2 16 1 2 . . 2 8 . 5 . . 33 9 Electromagnetic 430 | . . 12 3 13 26 2 11 49 24 21 . 4 16 . . . 23 . . . 18 61 . 26 14 . 100 7 Robot Hit Streak 26 | . 19 17 7 13 9 4 6 9 9 8 5 14 10 . . 9 7 26 . 4 12 10 7 14 10 7 15 6 Robot Miss Streak 11 | . 4 2 3 2 4 1 2 2 4 9 2 5 3 . 2 2 2 2 . 1 2 3 2 2 6 3 11 1 Penetration Max 2 | . . . . . 2 . . . 2 . 1 . 1 . . 1 . 1 . . . . . . 1 . 1 . Secondary Targets 10 | . 2 1 . . . . . . 1 . . 2 . . . 1 . 2 . . 1 . . . . . . . Max Gunslinging Chain 1 | . 1 1 . . . . . . 1 . . 1 . . . 1 . 1 . . 1 . . . . . . . Shots Hit Robots 1284 | . 117 19 60 37 135 3 39 37 98 26 15 67 15 . 7 43 66 53 . 4 51 42 33 46 19 17 210 25 Core Hits 847 | . 54 9 29 33 40 6 20 31 129 37 16 34 13 . 6 47 31 19 . . 21 28 8 38 15 7 160 16 Critical Hits 110 | . . . 3 2 22 1 3 2 4 1 . 12 3 . 1 7 2 . . . 3 . 3 2 11 4 20 4 Critical Kills 40 | . . . . 1 4 1 2 1 3 1 . 2 2 . . 3 2 . . . 2 . 3 1 4 2 6 . Critical Parts Destroyed 55 | . . . 3 1 11 . 1 . 1 . . 9 1 . 1 3 . . . . 1 . . 1 5 1 14 2 Melee Attacks 396 | . . . . 20 89 5 27 . 15 8 28 4 15 . 12 5 56 7 . . 23 5 46 4 . . 24 3 Impact . | . . . . . . . . . . . . . . . . . . . . . . . . . . . . . Slashing 293 | . . . . 20 37 5 27 . 15 8 27 . 15 . 9 3 38 7 . . 23 5 25 2 . . 24 3 Piercing 36 | . . . . . . . . . . . . . . . . . 13 . . . . . 21 2 . . . . Sneak Attacks 81 | . . . . . 48 1 1 . 3 . 4 2 2 . 7 1 8 . . . 1 . 3 . . . . . Combat Hostiles 2 | . . . . . . . . . . . . . . . . . . . . . . . 2 . . . . . Follow-up Attacks 15 | . . . . . 9 . . . 1 1 . . . . . . 1 . . . . . 3 . . . . . Damage Inflicted 46321 | . 1230 386 1243 1302 2229 209 982 1404 6031 1946 1081 1658 730 . 601 2926 2352 1960 . 203 1278 1698 781 1646 1056 438 9546 1405 Guns 14140 | . 1230 172 699 172 408 . 215 245 940 108 149 637 86 . 26 692 640 814 . . 812 571 164 524 423 438 3824 151 Cannons 4205 | . . . 410 348 . 20 205 226 696 329 . 467 66 . . . 448 . . 203 89 . . . 206 . 22 470 Explosions 21035 | . . 214 134 708 354 74 . 933 3751 1323 469 554 326 . 158 2193 414 577 . . 283 1127 . 1064 427 . 5215 737 Melee 6601 | . . . . 74 1127 115 562 . 644 186 463 . 252 . 417 41 850 569 . . 94 . 617 58 . . 485 47 Ramming . | . . . . . . . . . . . . . . . . . . . . . . . . . . . . . Kinetic 11497 | . 790 172 699 172 408 . 192 191 1110 181 149 1013 86 . 26 553 205 814 . . 623 . 164 209 359 438 2792 151 Thermal 4488 | . 440 . 410 553 340 20 124 266 693 . . . . . . 139 523 . . 203 89 42 . . 364 . . 282 Explosive 15204 | . . . . . . . . . 2539 1194 469 554 . . 158 2193 165 577 . . 283 833 . 1064 . . 4438 737 Electromagnetic 8531 | . . 214 134 503 354 74 104 947 1045 385 . 91 392 . . . 609 . . . 189 823 . 315 333 . 1831 188 Impact . | . . . . . . . . . . . . . . . . . . . . . . . . . . . . . Slashing 5774 | . . . . 74 1127 115 562 . 644 186 463 . 252 . 417 41 551 569 . . 94 . 147 . . . 485 47 Piercing 827 | . . . . . . . . . . . . . . . . . 299 . . . . . 470 58 . . . . Highest Corruption 4 | . . . . . 1 . 2 4 4 . . . . . . . 1 1 . . . . 1 1 . . 4 4 Average Corruption 1 | . . . . . 1 . 2 3 2 . . . . . . . 1 1 . . . . 1 1 . . 1 2 Corruption Purged 10 | . . . . . 1 . . . 4 . . . . . . . . . . . . . . 1 . . . 4 Effects 65 | . . . . . 10 . 1 15 2 . . . . . . . 4 3 . . . . 2 . . . 24 4 Message Errors 20 | . . . . . 6 . . 4 1 . . . . . . . 2 1 . . . . . . . . 5 1 Matter Fused 11 | . . . . . . . . 6 . . . . . . . . . . . . . . . . . . 4 1 Heat Flow Errors 4 | . . . . . . . . . 1 . . . . . . . . . . . . . . . . . 3 . Energy Discharges 6 | . . . . . . . . 1 . . . . . . . . 1 1 . . . . . . . . 3 . Data Loss (minor) 13 | . . . . . 3 . 1 2 . . . . . . . . 1 1 . . . . 1 . . . 2 2 Targeting Errors 11 | . . . . . 1 . . 2 . . . . . . . . . . . . . . 1 . . . 7 . Overload Shots 1 | . . . . . . . . . . . . . . . . . . . . . . . . . 1 . . . Overflow Damage 1793 | . . . . 16 32 . 62 60 131 103 164 67 65 . 191 249 114 119 . . 122 64 49 6 7 . 87 85 Projectiles 84 | . . . . 16 . . . . 26 11 . . . . . . . . . . . . . . . . . 31 Explosions 906 | . . . . . . . . 60 95 90 4 67 3 . . 233 . 100 . . 58 64 . 6 7 . 87 32 Melee 803 | . . . . . 32 . 62 . 10 2 160 . 62 . 191 16 114 19 . . 64 . 49 . . . . 22 Knockbacks 12 | . . . . . . . 1 . 1 1 . 9 . . . . . . . . . . . . . . . . Impact . | . . . . . . . . . . . . . . . . . . . . . . . . . . . . . Kinetic 11 | . . . . . . . 1 . 1 1 . 8 . . . . . . . . . . . . . . . . Secondary 1 | . . . . . . . . . . . . 1 . . . . . . . . . . . . . . . . Self-Inflicted Damage 611 | . . . . 17 22 . . 51 91 8 . . . . . 97 29 . . . 74 42 . . 19 . 91 70 Shots 23 | . . . . 1 2 . . 7 2 1 . . . . . 2 1 . . . 1 1 . . 1 . 3 1 Rammed . | . . . . . . . . . . . . . . . . . . . . . . . . . . . . . Targets Rammed . | . . . . . . . . . . . . . . . . . . . . . . . . . . . . . Kicked . | . . . . . . . . . . . . . . . . . . . . . . . . . . . . . Crushed . | . . . . . . . . . . . . . . . . . . . . . . . . . . . . . Highest Temperature 435 | . 156 12 114 204 230 58 225 435 339 205 34 316 . . . 14 401 151 . 240 317 278 102 204 128 210 385 427 Average Temperature 89 | . 44 5 30 61 95 33 92 103 94 74 17 74 . . . 8 104 85 . 42 85 74 45 72 39 76 116 167 Received Heat Transfer 5480 | . 378 75 108 123 . . 261 270 882 117 108 732 9 . . 132 408 195 . . 90 72 9 113 . . 1164 234 Effects 22 | . . . . . 1 . 1 1 2 . . 1 . . . . 3 . . . . . . . . . 9 4 Shutdowns 3 | . . . . . . . . . . . . . . . . . . . . . . . . . . . 1 2 Energy Bleed 8 | . . . . . . . . 1 . . . 1 . . . . . . . . . . . . . . 6 . Interference 8 | . . . . . 1 . 1 . 2 . . . . . . . 3 . . . . . . . . . 1 . Matter Decay 1 | . . . . . . . . . . . . . . . . . . . . . . . . . . . 1 . Short Circuit 1 | . . . . . . . . . . . . . . . . . . . . . . . . . . . . 1 Damage (minor) 1 | . . . . . . . . . . . . . . . . . . . . . . . . . . . . 1 Siege Activations . | . . . . . . . . . . . . . . . . . . . . . . . . . . . . . Robots Corrupted 23 | . . 1 . . . . . 2 . 2 . . 2 . . . 3 . . . 2 5 . 1 1 . 3 1 Combat Hostiles 20 | . . 1 . . . . . 2 . . . . 2 . . . 3 . . . 2 5 . . 1 . 3 1 Parts Fried 53 | . . 2 1 1 . . 1 10 5 1 . 1 5 . . . 9 . . . 3 5 . 2 . . 5 2 Impact Corruptions . | . . . . . . . . . . . . . . . . . . . . . . . . . . . . . Robots Melted 1 | . . . . . . . . . . . . . . . . . . . . 1 . . . . . . . . Combat Hostiles 1 | . . . . . . . . . . . . . . . . . . . . 1 . . . . . . . . Parts Melted 16 | . 1 . . . . . 1 2 1 . . . . . . 1 1 1 . 1 1 . . . 1 . 1 4 Heat Transferred 6796 | . 1295 . 740 929 279 37 222 409 1055 . . . . . . 164 807 . . 185 74 50 . . 200 . . 350 Parts Sabotaged . | . . . . . . . . . . . . . . . . . . . . . . . . . . . . . Parts Stolen . | . . . . . . . . . . . . . . . . . . . . . . . . . . . . . Parts Stripped . | . . . . . . . . . . . . . . . . . . . . . . . . . . . . . Power Chain Reactions 18 | . . . . 4 1 . . 3 5 . . . 1 . . . 1 . . . . 1 . . 1 . 1 . Missiles Intercepted . | . . . . . . . . . . . . . . . . . . . . . . . . . . . . . Alert | -11 -10 -10 -9 -9 -9 -8 -8 -8 -8 -8 -7 -7 -6 -6 -6 -6 -6 -6 -5 -5 -5 -5 -5 -5 -5 -5 -5 -5 ------- Run | Scr Mat Min Mat Min Exi Min Mat Gar Mat Gar Fac Gar Fac Was Fac Gar Fac Gar Fac Was Fac Gar Fac Ext Cet Arc Hub Gar Peak Influence 1740 | . 256 100 331 340 . 97 260 730 1522 1586 988 1179 734 154 1740 1639 875 702 368 128 168 730 434 269 698 380 1209 1163 Average Influence 474 | . 71 57 179 108 . 48 151 475 845 1400 833 986 611 126 670 1469 515 600 368 87 66 361 284 117 350 333 558 937 Maximum Alert Level 5 | . 1 . 1 1 . . 1 3 4 4 3 4 3 . 5 5 3 3 1 . . 3 2 1 2 1 4 4 Low Security (%) 28 | 100 93 100 59 83 . 100 68 9 . . . . . 100 21 . . . . 100 100 23 26 78 10 . 11 . Level 1 26 | . 6 . 40 16 . . 31 21 4 . . . . . 17 . 10 . 100 . . 36 65 21 54 100 25 . Level 2 20 | . . . . . . . . 61 33 . 4 10 84 . 12 . 85 92 . . . 35 8 . 35 . 38 . Level 3 16 | . . . . . . . . 8 43 10 95 54 15 . 20 10 4 7 . . . 5 . . . . 15 74 Level 4 7 | . . . . . . . . . 18 89 . 35 . . 24 83 . . . . . . . . . . 8 25 Level 5 . | . . . . . . . . . . . . . . . 3 6 . . . . . . . . . . . . High Security . | . . . . . . . . . . . . . . . . . . . . . . . . . . . . . Max Security . | . . . . . . . . . . . . . . . . . . . . . . . . . . . . . Squads Dispatched 61 | . 3 . 3 . . . 1 . 11 . 3 . 2 . 11 . 7 . . . 4 . 3 2 . . 11 . Investigation 12 | . 1 . . . . . . . 2 . . . 1 . 2 . 2 . . . . . . 2 . . 2 . Extermination 12 | . . . . . . . . . . . 1 . . . 2 . 2 . . . 3 . 2 . . . 2 . Reinforcement 16 | . 2 . 3 . . . 1 . 3 . 1 . . . 1 . 3 . . . . . . . . . 2 . Assault 11 | . . . . . . . . . 4 . . . 1 . 3 . . . . . . . 1 . . . 2 . Garrison 10 | . . . . . . . . . 2 . 1 . . . 3 . . . . . 1 . . . . . 3 . Intercept . | . . . . . . . . . . . . . . . . . . . . . . . . . . . . . Construction Impeded 2 | . . . . . . . . . 1 . . . . . . . . . . . . . . . . . 1 . Haulers Reinforced . | . . . . . . . . . . . . . . . . . . . . . . . . . . . . . Alert ID Control Effect 25 | . . . . . . . . . . . . . . . . 3 2 9 . . 4 . . 3 1 . 3 . Stealth | -11 -10 -10 -9 -9 -9 -8 -8 -8 -8 -8 -7 -7 -6 -6 -6 -6 -6 -6 -5 -5 -5 -5 -5 -5 -5 -5 -5 -5 --------- Run | Scr Mat Min Mat Min Exi Min Mat Gar Mat Gar Fac Gar Fac Was Fac Gar Fac Gar Fac Was Fac Gar Fac Ext Cet Arc Hub Gar Distress Signals 28 | . 3 . 5 . . . 3 . 3 . 1 . 1 . 1 . 1 . . . 1 . 1 1 2 . 5 . Communications Jammed 1 | . . . . . . . . . . . . . . . 1 . . . . . . . . . . . . . Distress Signals 1 | . . . . . . . . . . . . . . . 1 . . . . . . . . . . . . . Times Spotted 589 | . 32 10 22 16 13 3 21 24 72 20 15 28 12 . 18 34 26 27 . 1 17 16 20 31 16 10 72 13 Peak Tracking Total 11 | . 8 3 5 3 9 3 4 5 9 10 4 6 5 . 6 6 4 5 . 1 4 5 9 11 5 2 10 5 Tactical Retreats 48 | . 2 1 . 1 3 . . 5 8 . 3 4 . . . 8 1 2 . . . . 3 2 . . 5 . Traps | -11 -10 -10 -9 -9 -9 -8 -8 -8 -8 -8 -7 -7 -6 -6 -6 -6 -6 -6 -5 -5 -5 -5 -5 -5 -5 -5 -5 -5 ------- Run | Scr Mat Min Mat Min Exi Min Mat Gar Mat Gar Fac Gar Fac Was Fac Gar Fac Gar Fac Was Fac Gar Fac Ext Cet Arc Hub Gar Traps Triggered 48 | . 3 . . 1 . . 1 6 3 4 2 1 4 . . 3 2 4 1 . . 6 . 4 . . 3 . Indirectly 7 | . . . . . . . . 2 2 . . . . . . . . . . . . 2 . . . . 1 . Trap Hack Attempts . | . . . . . . . . . . . . . . . . . . . . . . . . . . . . . Triggered . | . . . . . . . . . . . . . . . . . . . . . . . . . . . . . Disarmed . | . . . . . . . . . . . . . . . . . . . . . . . . . . . . . Reprogrammed . | . . . . . . . . . . . . . . . . . . . . . . . . . . . . . Reused . | . . . . . . . . . . . . . . . . . . . . . . . . . . . . . Traps Extracted . | . . . . . . . . . . . . . . . . . . . . . . . . . . . . . Installed . | . . . . . . . . . . . . . . . . . . . . . . . . . . . . . Triggered 1 | . . . . . . . . . 1 . . . . . . . . . . . . . . . . . . . Machines | -11 -10 -10 -9 -9 -9 -8 -8 -8 -8 -8 -7 -7 -6 -6 -6 -6 -6 -6 -5 -5 -5 -5 -5 -5 -5 -5 -5 -5 ---------- Run | Scr Mat Min Mat Min Exi Min Mat Gar Mat Gar Fac Gar Fac Was Fac Gar Fac Gar Fac Was Fac Gar Fac Ext Cet Arc Hub Gar Machines Disabled 79 | . . . . . 14 1 . . 3 1 . 2 1 . 5 4 12 3 . . 2 3 . . 1 2 25 . Max in Single Turn 12 | . . . . . 2 1 . . 1 1 . 1 1 . . 1 1 1 . . 1 1 . . 1 1 12 . Garrison Access 2 | . . . . . . . . . . . 1 . . . . . . . . . . . . . . . 1 . Garrison Relay 10 | . . . . . . . . . . 1 . 2 . . . 2 . 2 . . . 3 . . . . . . Network Hub 3 | . . . . . . . . . . . . . . . . . . . . . . . . . . . 3 . Machines Sabotaged . | . . . . . . . . . . . . . . . . . . . . . . . . . . . . . Garrisons Compromised . | . . . . . . . . . . . . . . . . . . . . . . . . . . . . . Overloaded Fab Kills . | . . . . . . . . . . . . . . . . . . . . . . . . . . . . . Fab Network Shutdowns 1 | . . . . . . . . . . . . . . . 1 . . . . . . . . . . . . . Hacking | -11 -10 -10 -9 -9 -9 -8 -8 -8 -8 -8 -7 -7 -6 -6 -6 -6 -6 -6 -5 -5 -5 -5 -5 -5 -5 -5 -5 -5 --------- Run | Scr Mat Min Mat Min Exi Min Mat Gar Mat Gar Fac Gar Fac Was Fac Gar Fac Gar Fac Was Fac Gar Fac Ext Cet Arc Hub Gar Machines Accessed 97 | . 7 1 2 1 1 . 5 . 6 . 6 . 6 . 6 . 18 . . . 6 . 8 13 2 1 8 . Terminals 61 | . 5 1 2 . . . 3 . 4 . 2 . 4 . 1 . 11 . . . 1 . 7 12 2 . 6 . Fabricators 9 | . . . . . . . . . . . 1 . . . 2 . 3 . . . 2 . 1 . . . . . Repair Stations 4 | . . . . . . . . . . . . . 1 . . . 3 . . . . . . . . . . . Recycling Units 5 | . 2 . . . . . . . 1 . . . . . . . . . . . 1 . . 1 . . . . Scanalyzers 6 | . . . . . . . 1 . . . 1 . 1 . 2 . . . . . 1 . . . . . . . Garrison Access 9 | . . . . . . . 1 . 1 . 2 . . . 1 . 1 . . . 1 . . . . . 2 . Total Hacks 301 | . 26 2 5 1 1 . 25 . 14 . 17 . 14 . 17 . 52 . . . 15 . 21 42 2 25 22 . Successful 186 | . 15 2 5 1 1 . 15 . 6 . 13 . 8 . 16 . 27 . . . 9 . 7 23 2 25 11 . Failed 115 | . 11 . . . . . 10 . 8 . 4 . 6 . 1 . 25 . . . 6 . 14 19 . . 11 . Catastrophic 22 | . 2 . . . . . 1 . 2 . . . 1 . . . 4 . . . 1 . 4 5 . . 2 . Database Lockouts . | . . . . . . . . . . . . . . . . . . . . . . . . . . . . . Manual 151 | . 20 2 4 . 1 . 14 . 10 . 5 . 9 . 3 . 27 . . . 4 . 4 24 4 . 20 . Terminals 187 | . 23 2 5 . . . 14 . 11 . 4 . 11 . 3 . 29 . . . 5 . 18 40 2 . 20 . Fabricators 27 | . . . . . . . . . . . 5 . . . 5 . 10 . . . 4 . 3 . . . . . Repair Stations 13 | . . . . . . . . . . . . . 1 . . . 12 . . . . . . . . . . . Recycling Units 8 | . 3 . . . . . . . 2 . . . . . . . . . . . 1 . . 2 . . . . Scanalyzers 26 | . . . . . . . 9 . . . 4 . 2 . 8 . . . . . 3 . . . . . . . Garrison Access 13 | . . . . . . . 2 . 1 . 4 . . . 1 . 1 . . . 2 . . . . . 2 . Terminal Hacks 75 | . 9 1 3 1 1 . 4 . 1 . . . 2 . 2 . 5 . . . 2 . 3 12 . 25 4 . Record 25 | . . . . . . . . . . . . . . . . . . . . . . . . . . 25 . . Part Schematic 5 | . 3 . . . . . . . . . . . . . 2 . . . . . . . . . . . . . Open Door 8 | . . . . 1 . . . . . . . . . . . . . . . . . . . 7 . . . . Terminal Index 8 | . 1 . 1 . . . 1 . . . . . 1 . . . 1 . . . 1 . 1 1 . . . . Fabricator Index 1 | . . . . . . . . . . . . . . . . . 1 . . . . . . . . . . . Scanalyzer Index 1 | . . . . . . . 1 . . . . . . . . . . . . . . . . . . . . . Unreport Threat 6 | . 1 . . . . . . . . . . . . . . . 1 . . . . . . 1 . . 3 . Locate Traps 2 | . . . . . . . . . . . . . . . . . . . . . . . 1 1 . . . . Recall Investigation 1 | . . . . . . . . . . . . . . . . . . . . . . . . 1 . . . . Zone Layout 17 | . 4 1 2 . . . 2 . 1 . . . 1 . . . 2 . . . 1 . 1 1 . . 1 . EX-Prototype ID Bank 1 | . . . . . 1 . . . . . . . . . . . . . . . . . . . . . . . Fabricator Hacks 18 | . . . . . . . . . . . 3 . . . 5 . 6 . . . 2 . 2 . . . . . Load Schematic 9 | . . . . . . . . . . . 1 . . . 2 . 3 . . . 2 . 1 . . . . . Build 9 | . . . . . . . . . . . 2 . . . 3 . 3 . . . . . 1 . . . . . Repair Station Hacks 6 | . . . . . . . . . . . . . . . . . 6 . . . . . . . . . . . Scan Component 4 | . . . . . . . . . . . . . . . . . 4 . . . . . . . . . . . Repair 2 | . . . . . . . . . . . . . . . . . 2 . . . . . . . . . . . Recycling Unit Hacks 4 | . 2 . . . . . . . 1 . . . . . . . . . . . . . . 1 . . . . Retrieve Components 4 | . 2 . . . . . . . 1 . . . . . . . . . . . . . . 1 . . . . Scanalyzer 22 | . . . . . . . 7 . . . 3 . 2 . 8 . . . . . 2 . . . . . . . Insert Component 10 | . . . . . . . 3 . . . 2 . 1 . 3 . . . . . 1 . . . . . . . Analyze 12 | . . . . . . . 4 . . . 1 . 1 . 5 . . . . . 1 . . . . . . . Garrison Access Hacks 12 | . . . . . . . 1 . 1 . 4 . . . 1 . 1 . . . 2 . . . . . 2 . Unlock Access 7 | . . . . . . . 1 . 1 . 1 . . . 1 . 1 . . . 1 . . . . . 1 . Seal Access 2 | . . . . . . . . . . . 1 . . . . . . . . . . . . . . . 1 . Coupler Status 3 | . . . . . . . . . . . 2 . . . . . . . . . 1 . . . . . . . Unauthorized Hacks 122 | . 9 2 4 . . . 7 . 6 . 8 . 12 . . . 23 . . . 2 . 4 24 4 . 17 . Terminals 48 | . 4 1 2 . . . 3 . 3 . 2 . 4 . . . 9 . . . 1 . 2 10 2 . 5 . Track 36 | . 3 1 2 . . . 3 . 2 . 2 . 3 . . . 4 . . . 1 . 2 6 2 . 5 . Botnet 10 | . 1 . . . . . . . 1 . . . 1 . . . 4 . . . . . . 3 . . . . Operators 2 | . . . . . . . . . . . . . . . . . 1 . . . . . . 1 . . . . Fabricators 1 | . . . . . . . . . . . 1 . . . . . . . . . . . . . . . . . Prioritize 1 | . . . . . . . . . . . 1 . . . . . . . . . . . . . . . . . Repair Stations . | . . . . . . . . . . . . . . . . . . . . . . . . . . . . . Recycling Units . | . . . . . . . . . . . . . . . . . . . . . . . . . . . . . Scanalyzers . | . . . . . . . . . . . . . . . . . . . . . . . . . . . . . Garrison Access . | . . . . . . . . . . . . . . . . . . . . . . . . . . . . . Data Cores Recovered 1 | . . . . . . . . . . . . . . . . . . . . . . . . . . . 1 . Used 1 | . . . . . . . . . . . . . . . . . . . . . . . . . . . 1 . Hacking Detections 81 | . 5 1 2 . . . 4 . 5 . 5 . 6 . 5 . 18 . . . 5 . 8 12 1 . 4 . Full Trace Events 5 | . . . . . . . 1 . . . . . . . 2 . 1 . . . . . . 1 . . . . Feedback Events . | . . . . . . . . . . . . . . . . . . . . . . . . . . . . . Feedback Blocked . | . . . . . . . . . . . . . . . . . . . . . . . . . . . . . Robot Schematics Acquired . | . . . . . . . . . . . . . . . . . . . . . . . . . . . . . Robots Built . | . . . . . . . . . . . . . . . . . . . . . . . . . . . . . Matter . | . . . . . . . . . . . . . . . . . . . . . . . . . . . . . Time . | . . . . . . . . . . . . . . . . . . . . . . . . . . . . . Total Robot Build Rating . | . . . . . . . . . . . . . . . . . . . . . . . . . . . . . Part Schematics Acquired 14 | . 3 . . . . . 3 . . . 1 . 1 . 5 . . . . . 1 . . . . . . . Parts Built 11 | . . . . . . . . . . . 2 . . . 5 . 3 . . . . . 1 . . . . . Matter 1431 | . . . . . . . . . . . 204 . . . 526 . 416 . . . . . 285 . . . . . Time 545 | . . . . . . . . . . . 76 . . . 237 . 156 . . . . . 76 . . . . . Total Part Build Rating 40 | . . . . . . . . . . . 2 . . . 25 . 8 . . . . . 5 . . . . . Parts Repaired 2 | . . . . . . . . . . . . . . . . . 2 . . . . . . . . . . . Time 57 | . . . . . . . . . . . . . . . . . 57 . . . . . . . . . . . Parts Recycled . | . . . . . . . . . . . . . . . . . . . . . . . . . . . . . Recycled Matter . | . . . . . . . . . . . . . . . . . . . . . . . . . . . . . Retrieved Matter . | . . . . . . . . . . . . . . . . . . . . . . . . . . . . . Retrieved Components 11 | . 1 . . . . . . . 10 . . . . . . . . . . . . . . . . . . . Parts Scanalyzed 9 | . . . . . . . 3 . . . 1 . 1 . 3 . . . . . 1 . . . . . . . Part Schematics Acquired 9 | . . . . . . . 3 . . . 1 . 1 . 3 . . . . . 1 . . . . . . . Parts Damaged . | . . . . . . . . . . . . . . . . . . . . . . . . . . . . . Bothacking | -11 -10 -10 -9 -9 -9 -8 -8 -8 -8 -8 -7 -7 -6 -6 -6 -6 -6 -6 -5 -5 -5 -5 -5 -5 -5 -5 -5 -5 ------------ Run | Scr Mat Min Mat Min Exi Min Mat Gar Mat Gar Fac Gar Fac Was Fac Gar Fac Gar Fac Was Fac Gar Fac Ext Cet Arc Hub Gar Used RIF Installer 6 | . . . . . . . . 1 . 1 . 1 . . . 1 . 1 . . . 1 . . . . . . Alert ID Control 1 | . . . . . . . . . . . . 1 . . . . . . . . . . . . . . . . Program Shield 1 | . . . . . . . . . . 1 . . . . . . . . . . . . . . . . . . Autooverride 1 | . . . . . . . . . . . . . . . . . . 1 . . . . . . . . . . Autoassimilate 2 | . . . . . . . . . . . . . . . . 1 . . . . . 1 . . . . . . Robots Hacked 63 | . . . . . 18 . . . . . 1 1 . . 1 1 3 11 . . 8 . 5 4 1 1 8 . Non-combat 11 | . . . . . 3 . . . . . 1 . . . 1 . 1 . . . 3 . . . . . 2 . Combat 52 | . . . . . 15 . . . . . . 1 . . . 1 2 11 . . 5 . 5 4 1 1 6 . Autooverrided 2 | . . . . . . . . . . . . . . . . . . 2 . . . . . . . . . . Autoassimilated 7 | . . . . . . . . . . . . . . . . . 1 2 . . . . . 1 1 . 2 . Robot Hacks Applied 90 | . . . . . 47 . . . . . 1 2 . . 3 1 3 7 . . 9 . 7 3 . 1 6 . parse_system 50 | . . . . . 47 . . . . . . 1 . . . . . . . . . . . . . 1 1 . no_distress 1 | . . . . . . . . . . . . . . . . . . . . . . . . . . . 1 . find_chute 1 | . . . . . . . . . . . 1 . . . . . . . . . . . . . . . . . find_fabricator 1 | . . . . . . . . . . . . . . . . . . . . . 1 . . . . . . . drop_inventory 3 | . . . . . . . . . . . . . . . . . . . . . 2 . . . . . 1 . find_recycling 1 | . . . . . . . . . . . . . . . . . . . . . 1 . . . . . . . purge_threat 5 | . . . . . . . . . . . . . . . 3 . 2 . . . . . . . . . . . find_garrison 1 | . . . . . . . . . . . . . . . . . . . . . . . 1 . . . . . amplify_resonance 2 | . . . . . . . . . . . . . . . . . . 1 . . . . 1 . . . . . reboot_system 4 | . . . . . . . . . . . . . . . . . . . . . 1 . 2 . . . 1 . formatsys_high 21 | . . . . . . . . . . . . 1 . . . 1 1 6 . . 4 . 3 3 . . 2 . Relay Couplers Released 40 | . . . . . . . . . . 5 . 7 . . . 8 . 8 . . . 12 . . . . . . Machine Destruction 40 | . . . . . . . . . . 5 . 7 . . . 8 . 8 . . . 12 . . . . . . Attached 20 | . . . . . . . . . . . . 1 . . 1 1 2 4 . . 3 2 2 2 . . 2 . Robots Rewired 6 | . . . . . . . . . . . . . . . . . . . . . . . . 4 . . 2 . Allies Hacked 1 | . . . . . . . . . . . . . . . . . . . . . . . . . 1 . . . Hacks Repelled . | . . . . . . . . . . . . . . . . . . . . . . . . . . . . . Allies | -11 -10 -10 -9 -9 -9 -8 -8 -8 -8 -8 -7 -7 -6 -6 -6 -6 -6 -6 -5 -5 -5 -5 -5 -5 -5 -5 -5 -5 -------- Run | Scr Mat Min Mat Min Exi Min Mat Gar Mat Gar Fac Gar Fac Was Fac Gar Fac Gar Fac Was Fac Gar Fac Ext Cet Arc Hub Gar Total Allies 74 | . . 3 . . . . . . . . . 1 . 20 . 1 2 10 . 3 4 . 3 15 6 . 6 . Largest Group 20 | . . 3 2 . . . . . . . . 1 . 20 20 7 1 5 3 3 3 . 2 8 9 5 3 . Highest-Rated Group 748 | . . 40 32 . . . . . . . . 32 . 748 748 317 47 166 105 105 105 . 58 367 730 451 282 . Highest-Rated Ally 156 | . . 16 16 . . . . . . . . 32 . 50 50 46 47 47 47 47 49 . 29 156 156 138 94 . Total Orders 14 | . . . . . . . . . . . . . 1 . . . . . . . . . . 2 11 . . . GOTO 9 | . . . . . . . . . . . . . . . . . . . . . . . . . 9 . . . FOLLOW 2 | . . . . . . . . . . . . . . . . . . . . . . . . . 2 . . . DROP 1 | . . . . . . . . . . . . . . . . . . . . . . . . 1 . . . . COLLECT 1 | . . . . . . . . . . . . . . . . . . . . . . . . 1 . . . . EXPLORE 1 | . . . . . . . . . . . . . 1 . . . . . . . . . . . . . . . Ally Attacks 709 | . . 5 29 . 7 . . . . . 24 7 . . 198 48 14 46 . 16 31 . 6 91 117 20 50 . Total Damage 18128 | . . 50 348 . 183 . . . . . 1386 283 . . 5224 785 270 1347 . 343 735 . 95 1961 2495 898 1725 . Kills 124 | . . 3 8 . 1 . . . . . 8 3 . . 43 9 2 9 . . 4 . . 12 13 2 7 . Allies Corrupted 6 | . . . . . . . . . . . . . . . . . . . . . . . . . 1 . 5 . Allies Melted . | . . . . . . . . . . . . . . . . . . . . . . . . . . . . . Turrets Deployed 2 | . . . . . 1 . . . . . 1 . . . . . . . . . . . . . . . . . Intel | -11 -10 -10 -9 -9 -9 -8 -8 -8 -8 -8 -7 -7 -6 -6 -6 -6 -6 -6 -5 -5 -5 -5 -5 -5 -5 -5 -5 -5 ------- Run | Scr Mat Min Mat Min Exi Min Mat Gar Mat Gar Fac Gar Fac Was Fac Gar Fac Gar Fac Was Fac Gar Fac Ext Cet Arc Hub Gar Robot Analysis Total . | . . . . . . . . . . . . . . . . . . . . . . . . . . . . . Derelict Logs Recovered 3 | . . 1 . 2 . . . . . . . . . . . . . . . . . . . . . . . . Drone Launches 2 | . . . . . . . . . . . . . 2 . . . . . . . . . . . . . . . Drone Recoveries . | . . . . . . . . . . . . . . . . . . . . . . . . . . . . . Exploration | -11 -10 -10 -9 -9 -9 -8 -8 -8 -8 -8 -7 -7 -6 -6 -6 -6 -6 -6 -5 -5 -5 -5 -5 -5 -5 -5 -5 -5 ------------- Run | Scr Mat Min Mat Min Exi Min Mat Gar Mat Gar Fac Gar Fac Was Fac Gar Fac Gar Fac Was Fac Gar Fac Ext Cet Arc Hub Gar Turns Passed 31656 | 43 1611 1119 1092 1708 5250 295 629 818 1535 1015 1086 868 808 487 1084 957 1966 716 69 585 1331 1076 1062 1275 475 186 1904 606 Spaces Moved 16964 | 42 832 581 444 735 2251 119 266 420 748 396 744 517 481 347 780 546 993 393 49 509 889 800 781 952 290 105 824 130 Core 9 | 9 . . . . . . . . . . . . . . . . . . . . . . . . . . . . Treads 5179 | . 626 581 444 735 2251 119 72 . 50 301 . . . . . . . . . . . . . . . . . . Legs . | . . . . . . . . . . . . . . . . . . . . . . . . . . . . . Wheels 6157 | 33 206 . . . . . 194 420 698 95 744 517 481 347 780 545 960 137 . . . . . . . . . . Hover 5619 | . . . . . . . . . . . . . . . . 1 33 256 49 509 889 800 781 952 290 105 824 130 Flight . | . . . . . . . . . . . . . . . . . . . . . . . . . . . . . Fastest Speed 50 | 50 80 180 180 200 185 230 150 140 140 140 120 125 120 130 120 120 130 122 118 88 84 88 88 88 88 123 79 118 Average Speed 147 | 73 156 180 198 203 203 230 172 147 149 213 122 125 128 133 124 144 151 130 118 102 113 95 112 104 116 123 124 123 Slowest Speed 340 | 80 220 180 210 270 230 230 230 150 230 290 140 125 190 140 150 340 260 152 122 122 152 123 123 216 216 123 128 152 Overloaded Moves 28 | . . . . . . . . . . . . . . . . . . . . . 6 . . . . . 22 . Propulsion Burnouts . | . . . . . . . . . . . . . . . . . . . . . . . . . . . . . Robots Hopped 4 | . . . . . 4 . . . . . . . . . . . . . . . . . . . . . . . Cave-ins Triggered . | . . . . . . . . . . . . . . . . . . . . . . . . . . . . . Exploration Rate (%) 54 | 3 93 80 44 98 92 17 31 62 79 52 24 55 20 97 17 73 25 54 2 86 21 78 23 84 78 84 72 23 Regions Visited 28 Branch Regions 8 Pre-discovered Areas 2 | . . . . 2 . . . . . . . . . . . . . . . . . . . . . . . . Known Exits Taken 7 | . . . . . . . 1 . 1 . 1 . . . 1 . 1 . . . 1 . . . . . 1 . Unknown Exits Taken 11 | 1 1 1 1 1 1 1 . . . . . . . . . . . . . . . . 1 1 1 1 . . Scrap Searched 4 | . . 2 . 1 . 1 . . . . . . . . . . . . . . . . . . . . . . Spaces Dug 467 | . . . . 5 . 4 5 2 3 . 18 . 12 . 13 . 28 . . . 37 69 22 1 . . 211 37 Terrain Destroyed 1502 | . . . . 11 . 4 6 4 198 80 65 43 14 . 21 86 44 12 . . 55 77 22 65 17 11 531 136 Melee 127 | . . . . . . 4 5 . 2 . 18 . 12 . 5 . 28 . . . 22 . 22 1 . . 8 . Projectile 113 | . . . . . . . 1 . 13 3 . 5 . . . 5 1 2 . . 1 . . 4 . 11 58 9 AOE 1262 | . . . . 11 . . . 4 183 77 47 38 2 . 16 81 15 10 . . 32 77 . 60 17 . 465 127 Actions | -11 -10 -10 -9 -9 -9 -8 -8 -8 -8 -8 -7 -7 -6 -6 -6 -6 -6 -6 -5 -5 -5 -5 -5 -5 -5 -5 -5 -5 --------- Run | Scr Mat Min Mat Min Exi Min Mat Gar Mat Gar Fac Gar Fac Was Fac Gar Fac Gar Fac Was Fac Gar Fac Ext Cet Arc Hub Gar Total 21340 | 51 990 619 551 853 2690 129 359 535 992 496 863 639 626 379 869 664 1311 527 59 568 1110 1056 883 1158 380 131 1319 533 Wait 1179 | . 9 8 5 34 88 1 15 1 39 12 24 9 53 8 39 17 126 21 4 8 36 83 8 61 23 6 96 345 Move 16931 | 41 831 580 443 734 2242 118 266 419 748 394 743 515 481 346 779 544 993 391 49 508 889 799 780 951 289 104 824 130 Hop 4 | . . . . . 4 . . . . . . . . . . . . . . . . . . . . . . . Pick Up 355 | 5 27 2 24 6 78 . 11 1 19 9 9 12 13 7 7 7 12 14 1 23 19 14 11 4 4 1 15 . Fast Attach 71 | 5 8 . 2 3 8 . . . 2 . 8 1 4 1 1 3 9 2 . 3 5 . . . . . 6 . Attach 156 | . 5 1 2 2 15 . 2 3 10 6 3 11 4 3 2 7 14 8 2 3 13 3 3 2 1 1 20 10 Detach 57 | . . . . . 4 . . . . . 2 4 1 2 1 4 11 . . . 9 2 . 1 . . 12 4 Swap 457 | . 9 4 7 11 23 2 11 12 44 7 19 11 8 1 17 17 37 18 3 4 38 25 16 40 14 2 46 11 Drop 256 | . 13 1 13 5 63 . 4 1 12 3 17 3 9 11 7 3 9 9 . 14 20 9 7 2 5 1 15 . Fire 1320 | . 88 23 55 38 85 3 23 66 105 47 10 64 21 . 4 49 47 41 . 5 58 64 19 54 44 16 261 30 Melee 373 | . . . . 20 80 5 27 . 13 6 28 4 15 . 12 5 53 7 . . 23 5 39 4 . . 24 3 Ram . | . . . . . . . . . . . . . . . . . . . . . . . . . . . . . Kick . | . . . . . . . . . . . . . . . . . . . . . . . . . . . . . Crush . | . . . . . . . . . . . . . . . . . . . . . . . . . . . . . Escape Stasis 180 | . . . . . . . . 32 . 12 . 5 16 . . 8 . 16 . . . 52 . 39 . . . . Rewire . | . . . . . . . . . . . . . . . . . . . . . . . . . . . . . Trap . | . . . . . . . . . . . . . . . . . . . . . . . . . . . . . Miscellaneous 1 | . . . . . . . . . . . . . 1 . . . . . . . . . . . . . . . Route ------- -11/Scrapyard -10/Materials (discovered 5 exits: *Mat x3 / *Min x2) -10/Mines (discovered 2 exits: *Mat x2) -9/Materials (discovered 3 exits: *Mat / *Min / [*Sto]) -9/Mines (discovered 3 exits: *Mat x2 / *Exi) -9/Exiles (discovered 2 exits: [*Min x2]) -8/Mines -8/Materials (discovered 2 exits: Fac / Gar) -8/Garrison (discovered 3 exits: *Mat x3) -8/Materials (discovered 3 exits: *Fac x2 / Gar) -8/Garrison (discovered 2 exits: *Fac x2) -7/Factory (discovered 2 exits: [*Low] / Gar) -7/Garrison (discovered 2 exits: *Fac x2) -6/Factory -6/Waste -6/Factory -6/Garrison (discovered 3 exits: *Fac x3) -6/Factory (discovered 3 exits: [*Fac x2] / Gar) -6/Garrison (discovered 2 exits: [*Fac x2]) -5/Factory -5/Waste -5/Factory (discovered 3 exits: [*Fac] / [*Upp] / Gar) -5/Garrison (discovered 3 exits: *Fac x3) -5/Factory (discovered 3 exits: [*Fac x2] / *Ext) -5/Extension (discovered 2 exits: [*Fac] / *Cet) -5/Cetus (discovered 2 exits: [*Fac] / *Arc) -5/Archives (discovered 3 exits: [*Fac] / *Hub x2) -5/Hub_04(d) (discovered 4 exits: [*Fac x3] / Gar) -5/Garrison History --------- Turn | Location | Event 20 | -11/Scrapyard | Discovered new exit (range 16) 44 | -11/Scrapyard | Entered Materials 126 | -10/Materials | Discovered new exit (range 8) 313 | -10/Materials | Build established: Mutant 483 | -10/Materials | Discovered new exit (range 10) 712 | -10/Materials | Discovered new exit (range 10) 730 | -10/Materials | Build established: Hauler-Mutant 1574 | -10/Materials | Discovered new exit (range 11) 1648 | -10/Materials | Discovered new exit (range 5) 1655 | -10/Materials | Entered Mines 1657 | -10/Mines | Core integrity fell below 50% 1925 | -10/Mines | Discovered new exit (range 6) 2133 | -10/Mines | Assisted by bots powering up and referring to "LRC-V3" 2226 | -10/Mines | Destroyed YI-UF0 2264 | -10/Mines | Found Prototype Storage 2416 | -10/Mines | Assisted by bots powering up and referring to "LRC-V3" 2591 | -10/Mines | Discovered new exit (range 6) 2618 | -10/Mines | Learned Materials garrison access intel 2774 | -10/Mines | Entered Materials 2774 | -9/Materials | Accompanied by 2 allies 2774 | -9/Materials | Evolved 2 slots: Utility x2 3180 | -9/Materials | Discovered new exit (range 16) 3338 | -9/Materials | Discovered new exit (range 15) 3832 | -9/Materials | Discovered new exit (range 16) 3866 | -9/Materials | Entered Mines 3920 | -9/Mines | Discovered new exit (range 15) 4008 | -9/Mines | Learned location of Zion (-7) 4150 | -9/Mines | Excavation squad dispatched 4150 | -9/Mines | A large section of the Mines collapsed 4636 | -9/Mines | Learned location of Storage (-9) 4703 | -9/Mines | Met a Derelict who couldn't figure out how to use a Trap Extractor 4958 | -9/Mines | Discovered new exit (range 8) 5564 | -9/Mines | Deemed a non-threat by the Exiles lab entrance 5566 | -9/Mines | Discovered new exit (range 5) 5574 | -9/Mines | Entered Exiles 5651 | -9/Exiles | Discovered new exit (range 15) 5669 | -9/Exiles | Met 8R-AWN 5806 | -9/Exiles | Met EX-HEX 5939 | -9/Exiles | Met EX-DEC 6022 | -9/Exiles | Visited The Gauntlet 6531 | -9/Exiles | Met EX-BIN 6548 | -9/Exiles | Identified YI-UF0's Bottomless Matter Pit 6890 | -9/Exiles | Aligned with FarCom system 6892 | -9/Exiles | Given EX-Vault access code 6987 | -9/Exiles | Opened EX-Vault 7013 | -9/Exiles | Found Prototype Device 7018 | -9/Exiles | Identified Trap Reconfigurator 7029 | -9/Exiles | Found Lightpack 2.0 7034 | -9/Exiles | Found Deploy-a-Sentry 7090 | -9/Exiles | Warned to stay clear of 0b10 Research branches 7512 | -9/Exiles | Found Deploy-a-Sentry 7515 | -9/Exiles | Found Deploy-a-Sentry 7827 | -9/Exiles | Build established: Mutant 8212 | -9/Exiles | Attacked by the Exiles 8264 | -9/Exiles | Core integrity fell below 50% 8275 | -9/Exiles | Destroyed 7 combat bots 8491 | -9/Exiles | Destroyed 8R-AWN 8563 | -9/Exiles | Found 8R-AWN's Boregun 8734 | -9/Exiles | DAS Turret deployed 9256 | -9/Exiles | Destroyed EX-BIN 9387 | -9/Exiles | Destroyed EX-DEC 9401 | -9/Exiles | Destroyed EX-HEX 10041 | -9/Exiles | Build established: Hauler-Mutant 10168 | -9/Exiles | Found Exp. Targeting Computer 10427 | -9/Exiles | Found Deploy-a-Sentry 10451 | -9/Exiles | Found System Purifier 10798 | -9/Exiles | Discovered new exit (range 14) 10824 | -9/Exiles | Stole two prototypes: Lightpack 2.0, Deploy-a-Sentry 10824 | -9/Exiles | Entered Mines 11103 | -8/Mines | Discovered new exit (range 8) 11119 | -8/Mines | Entered Materials 11119 | -8/Materials | Evolved 2 slots: Utility x2 11120 | -8/Materials | Identified exit to Factory 11121 | -8/Materials | Loaded intel: 1 garrison access location 11748 | -8/Materials | Identified exit to Garrison 11748 | -8/Materials | Entered Garrison 11815 | -8/Garrison | Triggered checkpoint 11825 | -8/Garrison | Triggered checkpoint 11871 | -8/Garrison | Triggered checkpoint 11983 | -8/Garrison | Discovered new exit (range 15) 12112 | -8/Garrison | Discovered new exit (range 9) 12228 | -8/Garrison | Triggered checkpoint 12399 | -8/Garrison | Discovered new exit (range 15) 12508 | -8/Garrison | Triggered checkpoint 12560 | -8/Garrison | Installed Relay Interface Framework 12566 | -8/Garrison | Entered Materials 12966 | -8/Materials | First assault squad dispatched 13337 | -8/Materials | Discovered exit to Factory (range 10) 13428 | -8/Materials | Destroyed 10 combat bots 13939 | -8/Materials | Garrison activated, responded to threat 13941 | -8/Materials | Core integrity fell below 50% 13958 | -8/Materials | Discovered exit to Factory (range 12) 13981 | -8/Materials | Lost 4 parts (1p2n1u) 13991 | -8/Materials | Destroyed 11 combat bots 14101 | -8/Materials | Identified exit to Garrison 14101 | -8/Materials | Entered Garrison 14190 | -8/Garrison | Triggered checkpoint 14194 | -8/Garrison | Triggered checkpoint 14248 | -8/Garrison | Destroyed 10 combat bots 14302 | -8/Garrison | Discovered exit to Factory (range 10) 14566 | -8/Garrison | Discovered exit to Factory (range 10) 14598 | -8/Garrison | Expanded RIF knowledge: Program Shield 14784 | -8/Garrison | Triggered checkpoint 14831 | -8/Garrison | Lost 3 parts (2n1u) 14946 | -8/Garrison | Garrison Relay disabled 15116 | -8/Garrison | Entered Factory 15116 | -7/Factory | Evolved 2 slots: Propulsion x1, Utility x1 15625 | -7/Factory | Discovered new exit (range 5) 15801 | -7/Factory | Fabricated Lrg. Storage Unit (x1) 15830 | -7/Factory | Fabricated Lrg. Storage Unit (x1) 15966 | -7/Factory | DAS Turret deployed 16090 | -7/Factory | Garrison activated, responded to threat 16171 | -7/Factory | Identified exit to Garrison 16202 | -7/Factory | Entered Garrison 16272 | -7/Garrison | Triggered checkpoint 16327 | -7/Garrison | Garrison Relay disabled 16487 | -7/Garrison | Triggered checkpoint 16666 | -7/Garrison | Lost 7 parts (1p1n3u2w) 16699 | -7/Garrison | Discovered new exit (range 9) 16750 | -7/Garrison | Triggered checkpoint 16800 | -7/Garrison | Garrison Relay disabled 16897 | -7/Garrison | Triggered checkpoint 16958 | -7/Garrison | Discovered new exit (range 10) 16980 | -7/Garrison | Expanded RIF knowledge: Alert ID Control 17026 | -7/Garrison | Triggered checkpoint 17070 | -7/Garrison | Entered Factory 17070 | -6/Factory | Evolved 2 slots: Utility x2 17093 | -6/Factory | Build established: Bothacker-Mutant 17770 | -6/Factory | First assault squad dispatched 17878 | -6/Factory | Sucked down chute 17878 | -6/Factory | Entered Waste 17879 | -6/Waste | Joined by Warlord forces that had cleared the area 18063 | -6/Waste | Discovered new exit (range 16) 18190 | -6/Waste | Found Damper Plating 18362 | -6/Waste | Found Damper Plating 18365 | -6/Waste | Entered Factory 18365 | -6/Factory | Accompanied by 20 allies 18403 | -6/Factory | Fabricated Hcp. Storage Unit (x1) 18595 | -6/Factory | Garrison activated, responded to threat 19065 | -6/Factory | First assault squad dispatched 19146 | -6/Factory | Fabricated Gyrokinetic Inverter (x2) 19253 | -6/Factory | Fabricated Gyrokinetic Inverter (x2) 19275 | -6/Factory | Local fabrication network quarantined 19359 | -6/Factory | Identified exit to Garrison 19449 | -6/Factory | Entered Garrison 19449 | -6/Garrison | Accompanied by 7 allies 19508 | -6/Garrison | Triggered checkpoint 19534 | -6/Garrison | Triggered checkpoint 19584 | -6/Garrison | Triggered checkpoint 19616 | -6/Garrison | Destroyed 11 combat bots 19620 | -6/Garrison | Build established: Hauler-Mutant 19630 | -6/Garrison | Triggered checkpoint 19631 | -6/Garrison | Triggered checkpoint 19770 | -6/Garrison | Discovered new exit (range 11) 19796 | -6/Garrison | Expanded RIF knowledge: Autoassimilate 19943 | -6/Garrison | Garrison Relay disabled 20097 | -6/Garrison | Discovered new exit (range 9) 20251 | -6/Garrison | Build established: Bothacker-Mutant 20267 | -6/Garrison | Discovered new exit (range 13) 20316 | -6/Garrison | Triggered checkpoint 20348 | -6/Garrison | Garrison Relay disabled 20406 | -6/Garrison | Entered Factory 20914 | -6/Factory | Fabricated Hcp. Storage Unit (x1) 21069 | -6/Factory | Discovered new exit (range 4) 21353 | -6/Factory | Fabricated Adv. Hacking Suite (x1) 21529 | -6/Factory | Fabricated Lrg. Storage Unit? 21662 | -6/Factory | Discovered new exit (range 16) 21871 | -6/Factory | Lost 5 parts (1p2n2w) 21973 | -6/Factory | Core integrity fell below 50% 22242 | -6/Factory | Repaired Lrn. Missile Launcher 22273 | -6/Factory | Repaired Hrd. Heavy Armor Plating 22372 | -6/Factory | Identified exit to Garrison 22372 | -6/Factory | Entered Garrison 22379 | -6/Garrison | Expanded RIF knowledge: Autooverride 22454 | -6/Garrison | Triggered checkpoint 22461 | -6/Garrison | Triggered checkpoint 22603 | -6/Garrison | Discovered new exit (range 13) 22624 | -6/Garrison | Triggered checkpoint 22671 | -6/Garrison | Garrison Relay disabled 22844 | -6/Garrison | Triggered checkpoint 22906 | -6/Garrison | Triggered checkpoint 22960 | -6/Garrison | Garrison Relay disabled 22990 | -6/Garrison | Build established: Botlord-Mutant 23064 | -6/Garrison | Discovered new exit (range 15) 23088 | -6/Garrison | Entered Factory 23088 | -5/Factory | Accompanied by 3 allies 23088 | -5/Factory | Evolved 2 slots: Propulsion x1, Utility x1 23157 | -5/Factory | Sucked down chute 23157 | -5/Factory | Entered Waste 23157 | -5/Waste | The area was eerily silent 23157 | -5/Waste | Met up with 3 allies sucked down the chute earlier 23274 | -5/Waste | Found Damper Plating 23452 | -5/Waste | Found Damper Plating 23541 | -5/Waste | Discovered new exit (range 11) 23580 | -5/Waste | A Compactor rumbled back to life 23580 | -5/Waste | Spotted C-40 Crusher 23592 | -5/Waste | Destroyed C-40 Crusher 23742 | -5/Waste | Entered Factory 23742 | -5/Factory | Accompanied by 3 allies 23913 | -5/Factory | Discovered new exit (range 15) 24005 | -5/Factory | P-70 Sage assimilated allied Soldier 5c 24974 | -5/Factory | Found Imp. Powered Armor 24976 | -5/Factory | Found Imp. Powered Armor 24979 | -5/Factory | Found Imp. Powered Armor 24982 | -5/Factory | Found Imp. Powered Armor 25046 | -5/Factory | Discovered new exit (range 6) 25062 | -5/Factory | Garrison activated, responded to threat 25073 | -5/Factory | Identified exit to Garrison 25073 | -5/Factory | Entered Garrison 25133 | -5/Garrison | Spotted B-75 Beast 25196 | -5/Garrison | Destroyed B-75 Beast 25240 | -5/Garrison | Triggered checkpoint 25246 | -5/Garrison | Triggered checkpoint 25437 | -5/Garrison | Discovered new exit (range 9) 25451 | -5/Garrison | Build established: Bothacker-Mutant 25546 | -5/Garrison | Discovered new exit (range 11) 25600 | -5/Garrison | Triggered checkpoint 25639 | -5/Garrison | Discovered new exit (range 15) 25658 | -5/Garrison | Expanded RIF knowledge: Autoassimilate 25709 | -5/Garrison | Triggered checkpoint 25772 | -5/Garrison | Triggered checkpoint 25796 | -5/Garrison | Garrison Relay disabled 25895 | -5/Garrison | Triggered checkpoint 25920 | -5/Garrison | Garrison Relay disabled 25982 | -5/Garrison | Build established: Botlord-Mutant 26062 | -5/Garrison | Triggered checkpoint 26088 | -5/Garrison | Garrison Relay disabled 26149 | -5/Garrison | Entered Factory 26449 | -5/Factory | First assault squad dispatched 26525 | -5/Factory | Fabricated Cld. Aerolev Unit? 26836 | -5/Factory | Discovered new exit (range 12) 26868 | -5/Factory | Discovered new exit (range 9) 27195 | -5/Factory | Discovered new exit (range 10) 27211 | -5/Factory | Entered Extension 27271 | -5/Extension | Rescued a captive Derelict 27383 | -5/Extension | Rescued a captive Derelict 27711 | -5/Extension | Disrupted transfer network 27942 | -5/Extension | Spotted B-75 Beast 27954 | -5/Extension | Allies destroyed B-75 Beast 27987 | -5/Extension | Spotted B-75 Beast 28011 | -5/Extension | Allies destroyed B-75 Beast 28167 | -5/Extension | Destroyed 7 combat bots 28172 | -5/Extension | Rescued a captive Derelict 28217 | -5/Extension | Rescued A7 28292 | -5/Extension | Rescued a captive Derelict 28381 | -5/Extension | Rescued a captive Derelict 28412 | -5/Extension | Rescued a captive Derelict 28451 | -5/Extension | Discovered new exit (range 10) 28452 | -5/Extension | Discovered new exit (range 6) 28486 | -5/Extension | Entered Cetus 28486 | -5/Cetus | Accompanied by 7 allies 28491 | -5/Cetus | Acquired a Cetus Manufacturing Module code from A7 28506 | -5/Cetus | Spotted Cetus Guard 28506 | -5/Cetus | Spotted Cetus Guard 28510 | -5/Cetus | Spotted Cetus Guard 28512 | -5/Cetus | Allies destroyed Cetus Guard 28513 | -5/Cetus | Spotted Cetus Guard 28521 | -5/Cetus | Allies destroyed Cetus Guard 28523 | -5/Cetus | P-70 Sage assimilated allied SY-UVI(b) 28526 | -5/Cetus | Allies destroyed Cetus Guard 28532 | -5/Cetus | Destroyed Cetus Guard 28660 | -5/Cetus | Started Cetus Manufacturing Module 28685 | -5/Cetus | Manufactured an Enhanced Grunt 28710 | -5/Cetus | Manufactured an Enhanced Grunt 28735 | -5/Cetus | Manufactured an Enhanced Grunt 28751 | -5/Cetus | Escorted A7 to Cetus Mainframe 28760 | -5/Cetus | Manufactured an Enhanced Grunt 28785 | -5/Cetus | Manufactured an Enhanced Grunt 28826 | -5/Cetus | Discovered new exit (range 16) 28849 | -5/Cetus | Spotted Cetus Guard 28849 | -5/Cetus | Spotted Cetus Guard 28855 | -5/Cetus | Spotted Cetus Guard 28861 | -5/Cetus | Spotted Cetus Guard 28866 | -5/Cetus | Allies destroyed Cetus Guard 28871 | -5/Cetus | Destroyed Cetus Guard 28875 | -5/Cetus | Allies destroyed Cetus Guard 28882 | -5/Cetus | Destroyed Cetus Guard 28891 | -5/Cetus | Discovered new exit (range 16) 28899 | -5/Cetus | Met Revision 17 28961 | -5/Cetus | Entered Archives 28961 | -5/Archives | Accompanied by 5 allies 28966 | -5/Archives | Received a hacking code to weaken MAIN.C 29027 | -5/Archives | Discovered new exit (range 14) 29042 | -5/Archives | Discovered new exit (range 16) 29053 | -5/Archives | Unable to access archive contents 29064 | -5/Archives | Discovered new exit (range 15) 29147 | -5/Archives | Entered Hub_04(d) 29147 | -5/Hub_04(d) | Accompanied by 3 allies 29262 | -5/Hub_04(d) | Network Hub disabled 29421 | -5/Hub_04(d) | Discovered new exit (range 17) 29431 | -5/Hub_04(d) | Discovered new exit (range 13) 29433 | -5/Hub_04(d) | Spotted Lightning 29433 | -5/Hub_04(d) | Spotted Lightning 29450 | -5/Hub_04(d) | Spotted Lightning 29512 | -5/Hub_04(d) | Destroyed Lightning 29561 | -5/Hub_04(d) | Destroyed Lightning 29566 | -5/Hub_04(d) | Found Prototype Device 29566 | -5/Hub_04(d) | Identified Exp. Phase Shifter 29578 | -5/Hub_04(d) | Found Prototype Energy Cannon 29765 | -5/Hub_04(d) | Core integrity fell below 50% 29810 | -5/Hub_04(d) | Network Hub disabled 29836 | -5/Hub_04(d) | Spotted B-75 Beast 29876 | -5/Hub_04(d) | Spotted Lightning 30011 | -5/Hub_04(d) | Spotted Lightning 30031 | -5/Hub_04(d) | Spotted Lightning 30063 | -5/Hub_04(d) | Destroyed Lightning 30127 | -5/Hub_04(d) | Destroyed Lightning 30230 | -5/Hub_04(d) | Destroyed Lightning 30237 | -5/Hub_04(d) | Found EM Dispersion Field 30472 | -5/Hub_04(d) | Destroyed B-75 Beast 30489 | -5/Hub_04(d) | Lost 3 parts (1p2w) 30520 | -5/Hub_04(d) | Garrison activated, responded to threat 30581 | -5/Hub_04(d) | Destroyed 7 combat bots 30634 | -5/Hub_04(d) | Spotted Lightning 30634 | -5/Hub_04(d) | Spotted Lightning 30638 | -5/Hub_04(d) | Spotted Lightning 30671 | -5/Hub_04(d) | Network Hub disabled 30689 | -5/Hub_04(d) | Destroyed Lightning 30703 | -5/Hub_04(d) | Destroyed Lightning 30705 | -5/Hub_04(d) | Destroyed Lightning 30796 | -5/Hub_04(d) | Spotted Lightning 30799 | -5/Hub_04(d) | Spotted Lightning 30800 | -5/Hub_04(d) | Spotted Lightning 30810 | -5/Hub_04(d) | Core integrity fell below 20% 30814 | -5/Hub_04(d) | Discovered new exit (range 9) 30846 | -5/Hub_04(d) | Destroyed Lightning 30848 | -5/Hub_04(d) | Destroyed Lightning 30885 | -5/Hub_04(d) | Destroyed Lightning 30945 | -5/Hub_04(d) | Build established: Bothacker-Mutant 30947 | -5/Hub_04(d) | First assault squad dispatched 31051 | -5/Hub_04(d) | Identified exit to Garrison 31051 | -5/Hub_04(d) | Entered Garrison 31468 | -5/Garrison | Spotted B-75 Beast 31519 | -5/Garrison | Lost 5 parts (1n2u2w) 31580 | -5/Garrison | Identified EMDS 31603 | -5/Garrison | Destroyed B-75 Beast 31657 | -5/Garrison | Destroyed by G-67 Veteran with Electrolaser Last Messages --------------- 31530_ The unstable cave ceiling collapses. 31580_ Identified EMDS. 31593_ EMDS Slug penetrates Earth. 31595_ EMDS Slug penetrates B-75 Beast. 31595_ B-75 Beast suffers critical hit. 31598_ EMDS Slug penetrates B-75 Beast. 31599_ The unstable cave ceiling collapses. 31599_ EMDS Slug penetrates B-75 Beast. 31600_ Quantum Reactor destroyed. 31601_ EMDS Slug penetrates B-75 Beast. 31601_ B-75 Beast suffers critical hit. 31603_ B-75 Beast system terminally corrupted. 31603_ Dynamic Insulation System fried. 31603_ Coolant Injector fried. 31607_ The unstable cave ceiling collapses. 31611_ Acquired 92 matter. 31618_ The unstable cave ceiling collapses. 31655_ C-30 ARC bursts open, deploying its payload. 31655_ G-67 Veteran unfolds itself. 31655_ G-50 Soldier unfolds itself. Map ----- +----------------------------------------------------+ | ?????????????????????????????????????????????????? | | ?????????????????????????????????????????????????? | | ?????????????????????????????????????????????????? | | ?????????????????????????????????????????????????? | | ?????????????????????????????????????????????????? | | ?????????????????????????????????????????????????? | | ?????????????????????????????????????????????????? | | ?????????????????????????????????????????????????? | | ?????????????????????????????????????????????????? | | ?????????????????????????????????????????????????? | | ??????????????????????????????????""###??????????? | | ??????????????????????????????????? #??????????? | | ???????????????????????????????##??## ##?????????? | | ???????????????????????????????# ?## ##????????? | | ???????????????????????????????# ?## #?#####??? | | ???????????????????????????????# ?## #?# #??? | | ???????????????????????????????# ## ### #??? | | ???????????????????????????????# #??? | | ???????????????????????????????# ## #??? | | ???????????????????????????????# ## # ######??? | | ???????????????????????????????# # ##???????? | | ???????????????????????????????# ##????????? | | ???????????????????????????????# # ##?????????? | | ????????????????????????######## =! ##????????? | | ????????????????????????# ] [ #????????? | | ??????????????????????###@##### #=! ## #### ##### | | ??????????????????????# # #?# # # # | | ??????????????????????## #### ## # | | ????????????????????" # # # ## # | | ????????????????? # # # " # | | ???????????? % % = """ """ | | ??????????? % # " "? | | ???????????## ## ; ## ### ## "? | | ????????????# ???# ## g### # ## # # " "? | | ???????????????? g ?# #### """""? | | ??????????????? g ?# ##????#####???? | | ????????????? ?? g # # ##?????????????? | | ????????????? ? "%# # #??????????????? | | ????????????? ## ??## #### ###??????????????? | | ?????????????? ?# ???# #???#?????????????????? | | ????????????????? ???? ?????????????????????? | | ??????????????????????? ?????????????????????? | | ??????????????????????? ?????????????????????? | | ???????????????????????#####?????????????????????? | | ?????????????????????????????????????????????????? | | ?????????????????????????????????????????????????? | | ?????????????????????????????????????????????????? | | ?????????????????????????????????????????????????? | | ?????????????????????????????????????????????????? | | ?????????????????????????????????????????????????? | +----------------------------------------------------+ Best States ------------- Heat Dissipation 67 Coolant Potential 80 Energy Generation 25 Energy Capacity 950 Matter Stores 300 Matter Capacity 1800 Sight Range 16 Robot Scan Range 20 Terrain Scan Density 10 Jamming Range 16 Armor Coverage 1200 Resistance: KI 20 Resistance: TH 15 Resistance: EM 90 Weapon Cycling 25 Melee Speed Boost 20 Phase Shifting 20 Evasion (%) 60 Recoil Reduction 2 Offensive Hacking 44 Item Schematics ----------------- Lrg. Storage Unit | -10/Materials | Hacked Hcp. Storage Unit | -10/Materials | Hacked Med. Storage Unit | -10/Materials | Hacked Exp. Targeting Computer | -8/Materials | Scanalyzed Adv. Weapon Cycler | -8/Materials | Scanalyzed Arm. Wheel | -8/Materials | Scanalyzed Hacking Suite | -7/Factory | Scanalyzed Arm. Huge Wheel | -6/Factory | Scanalyzed Adv. Hacking Suite | -6/Factory | Scanalyzed EMP Blaster | -6/Factory | Scanalyzed Gyrokinetic Inverter | -6/Factory | Hacked Exp. Sensor Array | -6/Factory | Hacked Cld. Aerolev Unit | -6/Factory | Scanalyzed Rnf. Quantum Reactor | -5/Factory | Scanalyzed Robot Schematics ------------------ None Fabricated ------------ Lrg. Storage Unit | x1 | -7/Factory Lrg. Storage Unit | x1 | -7/Factory Hcp. Storage Unit | x1 | -6/Factory Gyrokinetic Inverter | x2 | -6/Factory Gyrokinetic Inverter | x2 | -6/Factory Hcp. Storage Unit | x1 | -6/Factory Adv. Hacking Suite | x1 | -6/Factory Lrg. Storage Unit | x1 | -6/Factory Cld. Aerolev Unit | x1 | -5/Factory Alien Tech Used ----------------- None Achievements -------------- Pwned Challenges ------------ None Game ------ Seed DisruptorIonMallet Manual? 0 Play Time 06:26:54 Cumulative 849.6 hours Start 2019.11.24 @ 22:49:41 End 2019.11.30 @ 14:22:21 Sessions 5 Manual Loads 0 Difficulty Rogue Special Mode None Game No. 329 Rogue 329 Adventurer 0 Explorer 0 Win Type - Total 21 Types 11/1/7/0/0/0/2 Lore% 95 Gallery% 96 Achievement% 80 Wizard Run 0 Options --------- ASCII 0 Keyboard 0 Movement Vi Keybinds 0 Fullscreen 0 Font 12/Crisp Map View 76x50 Tactical HUD 1 Map Filters NONE Filters NONE Steam 1 RUN: 3ad78e6d-a314-4b5c-af72-e2d2bb2001a7